 Dungeon Crawl Stone Soup version 0.28.0-43-g3370ac3207 (webtiles) character file.

Game seed: 11843633717153467001

2697 Zeld the Thaumaturge (level 9, 0/45 HPs)
             Began as a Deep Elf Fire Elementalist on Mar 12, 2022.
             Slain by an orc knight
             ... wielding a +0 war axe
              (12 damage)
             ... in a bailey.
             The game lasted 00:07:56 (8836 turns).

Zeld the Thaumaturge (Deep Elf Fire Elementalist)   Turns: 8836, Time: 00:07:57

Health: 0/45       AC:  3    Str:  5    XL:     9   Next: 38%
Magic:  21/25      EV: 13    Int: 25    God:
Gold:   295        SH:  0    Dex: 15    Spells: 21/28 levels left

rFire   . . .      SeeInvis .   a - +0 long sword
rCold   . . .      Faith    .   (no shield)
rNeg    . . .      Spirit   .   c - +0 robe
rPois   .          Reflect  .   (no helmet)
rElec   .          Harm     .   (no cloak)
rCorr   .          Rampage  .   (no gloves)
Will    .....                   f - +0 pair of boots
Stlth   +++.......              (no amulet)
HPRegen 0.15/turn               (no ring)
MPRegen 0.19/turn               (no ring)

@: no status effects
A: no striking features
a: no special abilities


You were in a bailey.
You visited 2 branches of the dungeon, and saw 8 of its levels.
You also visited: Bailey.

You collected 295 gold pieces.

Inventory:

Hand Weapons
 a - a +0 long sword (weapon)
Armour
 c - a +0 robe (worn)
 f - a +0 pair of boots (worn)
Wands
 m - a wand of iceblast (14)
 v - a wand of digging (6)
Scrolls
 d - 2 scrolls of brand weapon
 g - 2 scrolls of amnesia
 i - a scroll of fear
 k - 2 scrolls of enchant armour
 n - 3 scrolls of teleportation
 u - a scroll of silence
 w - a scroll of noise {unknown}
Potions
 b - 2 potions of lignification {unknown}
 e - a potion of flight {unknown}
 h - a potion of ambrosia {unknown}
 j - a potion of heal wounds {unknown}
 l - 3 potions of curing
 o - 2 potions of degeneration {unknown}
 p - a potion of might {unknown}
 q - 2 potions of mutation {unknown}
 r - a potion of haste {unknown}
 s - 2 potions of cancellation {unknown}
 x - a potion of resistance {unknown}


   Skills:
 - Level 4.0 Dodging
 - Level 6.0 Stealth
 * Level 10.1 Spellcasting
 + Level 5.7 Conjurations
 * Level 9.0 Fire Magic


You had 21 spell levels left.
You knew the following spells:

 Your Spells              Type           Power      Damage    Failure   Level
a - Foxfire               Conj/Fire      100%       2x1d9     1%          1
b - Scorch                Fire           100%       2d10      1%          2
c - Flame Wave            Conj/Fire      49%        2d10      2%          4

Your spell library contained the following spells:

 Spells                   Type           Power      Damage    Failure   Level
 Conjure Flame            Conj/Fire      49%        6-21      1%          3
 Inner Flame              Hex/Fire       35%        N/A       2%          3
 Animate Skeleton         Necr           24%        N/A       4%          1
 Pain                     Necr           48%        1d6       4%          1
 Gell's Gravitas          Tloc           12%        N/A       14%         3
 Lesser Beckoning         Tloc           12%        N/A       14%         3
 Teleport Other           Tloc           12%        N/A       14%         3
 Vampiric Draining        Necr           12%        2d6       14%         3


Dungeon Overview and Level Annotations

Branches:
Dungeon (7/15)             Temple (1/1) D:7          Bailey (1/1)

Altars:
Ashenzari
Cheibriados
Dithmenos
Elyvilon
Fedhas
Gozag
Hepliaklqana
Kikubaaqudgha
Nemelex Xobeh
Okawaru
Sif Muna
Trog
Uskayaw
Xom
The Shining One

Annotations:
D:7 3 runed translucent doors, Joseph; cookedgoose's ghost, amateur OpTm


Message History

The orc knight is moderately wounded.
Unknown command.
You don't have any such object.
Evoke which item? (* to show all) (? for menu, Esc to quit)
Okay, then.
Aiming: Corrosive Bolt
Press: ? - help, Shift-Dir - straight line, f/p - orc knight
Aim: an orc knight, wielding a +0 war axe and wearing a +0 ring mail (moderately wounded, 64% to hit)
The bolt of acid misses the orc knight.
Unknown command.
Aiming: Corrosive Bolt
Press: ? - help, Shift-Dir - straight line, f/p - orc knight
Aim: an orc knight, wielding a +0 war axe and wearing a +0 ring mail (moderately wounded, 64% to hit)
The bolt of acid misses the orc knight.
Unknown command.
Aiming: Corrosive Bolt
Press: ? - help, Shift-Dir - straight line, f/p - orc knight
Aim: an orc knight, wielding a +0 war axe and wearing a +0 ring mail (moderately wounded, 64% to hit)
The bolt of acid misses the orc knight.
The now-empty wand crumbles to dust.
The orc knight closely misses you.
Unknown command.
Casting: Foxfire (safe; 1% risk of failure)
Confirm with . or Enter, or press ? or * to list all spells.
Flames lash the orc knight.
The orc knight is moderately wounded.
The orc knight's fire resistance burns away.
The orc knight hits you with a +0 war axe!
Unknown command.
Casting: Scorch (safe; 1% risk of failure)
Confirm with . or Enter, or press ? or * to list all spells.
Flames lash the orc knight.
The orc knight is burned terribly!
The orc knight is moderately wounded.
The orc knight hits you with a +0 war axe!
* * * LOW HITPOINT WARNING * * *
Unknown command.
As you read the scroll of fear, it crumbles to dust.
You assume a fearsome visage.
The orc knight resists with almost no effort.
The orc knight hits you with a +0 war axe!
You die...

#####'''#####
#...........#
######≈≈≈≈.))≈≈≈≈######
≈≈≈≈≈≈≈≈≈≈..)≈≈≈≈≈≈≈≈≈≈
≈≈≈≈≈≈≈≈≈≈...≈≈≈≈≈≈≈≈≈≈
≈≈≈≈≈≈≈≈≈≈...≈≈≈≈≈≈≈≈≈≈
≈≈≈≈≈≈≈≈≈≈...≈≈≈≈≈≈≈≈≈≈
≈≈≈≈≈≈≈....o....≈≈≈≈≈≈≈
########...@...########
#.......# #.......#
#...∩...# #...)...#
###.).### #.∩.# #####


You could see an orc knight (combustible).

Vanquished Creatures
  Pikel (D:6)
  Maggie (D:6)
  Prince Ribbit (D:7)
  A steam dragon (D:7)
  An ice beast (D:6)
  3 orc warriors (Bailey)
  2 black bears
  A sky beast (D:6)
  3 ogres (D:4)
  A necrophage (D:4)
  2 centaurs
  A water moccasin skeleton (D:5)
  An electric eel (Bailey)
  A jelly (D:6)
  A centaur skeleton (D:5)
  An orc priest (D:7)
  2 bullfrog skeletons
  A centaur zombie (D:6)
  9 gnolls
  8 adders
  A shadow imp (D:5)
  An adder skeleton (D:4)
  2 worms (D:2)
  2 dart slugs
  11 orcs
  5 bats
  5 endoplasms
  A giant cockroach (D:4)
  6 goblins
  7 hobgoblins
  11 kobolds
  2 quokkas
  6 ball pythons
  3 frilled lizards
  2 rats
107 creatures vanquished.

Vanquished Creatures (others)
  249 foxfires
249 creatures vanquished.

Grand Total: 356 creatures vanquished

Notes
Turn   | Place    | Note
-------+----------+-------------------------------------------
     0 | D:1      | Zeld the Deep Elf Fire Elementalist began the quest for the
                  | Orb.
     0 | D:1      | Reached XP level 1. HP: 10/10 MP: 6/6
   358 | D:1      | Reached XP level 2. HP: 15/15 MP: 5/8
   361 | D:1      | Learned a level 2 spell: Scorch
  1359 | D:2      | Reached XP level 3. HP: 19/19 MP: 6/10
  1985 | D:2      | Reached skill level 4 in Spellcasting
  2406 | D:3      | Reached XP level 4. HP: 21/24 MP: 8/12
  2411 | D:3      | Learned a level 4 spell: Flame Wave
  3533 | D:4      | Noticed a black bear
  3541 | D:4      | Killed a black bear
  3542 | D:4      | Reached skill level 5 in Spellcasting
  3542 | D:4      | Reached XP level 5. HP: 16/28 MP: 6/14
  3727 | D:4      | Noticed an ogre
  3732 | D:4      | Noticed an ogre
  3735 | D:4      | Killed an ogre
  3736 | D:4      | Reached XP level 6. HP: 32/32 MP: 9/16
  3741 | D:4      | Reached skill level 5 in Fire Magic
  4092 | D:4      | Reached skill level 6 in Spellcasting
  4092 | D:4      | Reached XP level 7. HP: 36/36 MP: 14/18
  4548 | D:5      | Entered Level 5 of the Dungeon
  5475 | D:5      | Reached skill level 5 in Stealth
  5621 | D:5      | Reached skill level 7 in Spellcasting
  6227 | D:6      | Reached XP level 8. HP: 33/41 MP: 15/20
  6379 | D:6      | Noticed Maggie
  6388 | D:6      | Killed Maggie
  6411 | D:6      | Reached skill level 8 in Spellcasting
  6749 | D:6      | Noticed Pikel
  6760 | D:6      | HP: 1/41 [Pikel/+1 whip of electrocution (16)]
  6761 | D:6      | Killed Pikel
  6762 | D:6      | Reached skill level 9 in Spellcasting
  6762 | D:6      | Reached skill level 5 in Conjurations
  7197 | D:6      | HP: 1/41 [centaur (2)]
  7200 | D:6      | Reached XP level 9. HP: 2/45 MP: 17/24
  7719 | D:7      | Noticed Prince Ribbit
  7725 | D:7      | Killed Prince Ribbit
  7800 | D:7      | Found a staircase to the Ecumenical Temple.
  7809 | Temple   | Entered the Ecumenical Temple
  8100 | D:7      | Noticed Joseph
  8137 | D:7      | Found a runed translucent gate.
  8137 | D:7      | Found a runed translucent gate.
  8137 | D:7      | Found a runed translucent gate.
  8137 | D:7      | Found an opulent altar of Gozag.
  8138 | D:7      | Noticed cookedgoose's ghost (amateur OpTm)
  8154 | D:7      | Found a flagged portal.
  8163 | Bailey   | Entered a bailey
  8528 | Bailey   | Reached skill level 10 in Spellcasting
  8817 | Bailey   | Noticed an orc knight
  8836 | Bailey   | Slain by an orc knight

Illustrated notes

Levels and vault maps discovered:
D:1:      nicolae_arrival_memento_mori, layout_basic
D:2:      layout_basic, chequers_serial_rivers_small_3, minmay_quantized
D:3:      layout_basic
D:4:      layout_rooms, grunt_decor_arrowhead, minmay_manual_monstrance
D:5:      layout_loops_ring, kennysheep_donut
D:6:      layout_loops_ring, uniq_pikel, uniq_maggie
D:7:      layout_basic, minmay_temple_entry_proselytizer, ebering_ghost_gozag,
          enter_bailey_8, minmay_tree_intersection, interstate_on_off,
          uniq_prince_ribbit1, uniq_joseph
Temple:   regret_index_temple_waves
Bailey:   bailey_axe_of_yendor_kennysheep, bailey

Skill      XL: |  1  2  3  4  5  6  7  8  9 |
---------------+----------------------------+-----
Spellcasting   | 4 5 6 7 9 10 | 10.1
Fire Magic     | 4 5 6 8 9 |  9.0
Stealth        | 3 4 5 6 |  6.0
Conjurations   | 2 3 4 5 |  5.7
Dodging        | 3 4 |  4.0

Action                   |  1- 3 |  4- 6 |  7- 9 || total
-------------------------+-------+-------+-------++-------
Melee: Unarmed           |     1 |       |       ||     1
 Cast: Foxfire           |    72 |    52 |    25 ||   149
       Scorch            |       |    15 |    79 ||    94
       Flame Wave        |       |       |     5 ||     5
Evoke: Wand              |       |       |     4 ||     4
  Use: Scroll            |       |       |     8 ||     8
Armor: Robe              |     1 |     1 |     4 ||     6
Dodge: Dodged            |    22 |    16 |    38 ||    76
